 Dungeon Crawl Stone Soup version 0.29-a0-43-g62a80824bf (webtiles) character file.

Game seed: 12771017162943522964

90 belegose the Skirmisher (level 4, -1/36 HPs)
             Began as a Demonspawn Cinder Acolyte on Feb 2, 2022.
             Was a High Priest of Ignis.
             Slain by a river rat (8 damage)
             ... on level 3 of the Dungeon.
             The game lasted 00:05:31 (2558 turns).

belegose the Skirmisher (Demonspawn Cinder Acolyte) Turns: 2558, Time: 00:05:32

Health: -1/36      AC:  5    Str: 15    XL:     4   Next: 32%
Magic:  5/5        EV: 10    Int: 15    God:    Ignis [*****.]
Gold:   106        SH:  0    Dex: 10    Spells: 3/5 levels left

rFire   + . .      SeeInvis .   g - +4 dagger
rCold   + . .      Faith    .   (no shield)
rNeg    . . .      Spirit   .   h - +0 ring mail
rPois   +          Reflect  .   (no helmet)
rElec   .          Harm     .   (no cloak)
rCorr   .          Rampage  .   (no gloves)
Will    .....                   (no boots)
Stlth   ..........              (no amulet)
HPRegen 0.12/turn               t - ring of poison resistance
MPRegen 0.09/turn               m - ring of protection from cold

@: no status effects
A: powered by pain 1, demonic magic 2
a: Renounce Religion, Fiery Armour, Foxfire Swarm, Rising Flame


You were on level 3 of the Dungeon.
You worshipped Ignis.
Ignis was extremely pleased with you.
You visited 1 branch of the dungeon, and saw 3 of its levels.

You collected 106 gold pieces.

Inventory:

Hand Weapons
 a - a -1 mace of flaming
 b - a +0 falchion
 d - a +0 hunting sling
 g - a +4 dagger (weapon)
Missiles
 c - 78 stones (quivered)
 j - 17 bolts
 p - 6 boomerangs
Armour
 h - a +0 ring mail (worn)
 k - a +0 scale mail
Magical Staves
 q - a staff of cold
Jewellery
 i - a ring of flight
 m - a ring of protection from cold (right hand)
 t - a ring of poison resistance (left hand)
Wands
 w - a wand of flame (22)
Scrolls
 f - 2 scrolls of blinking {unknown}
 l - a scroll of enchant weapon {unknown}
 n - 2 scrolls of identify {unknown}
 s - a scroll of teleportation {unknown}
 u - a scroll of magic mapping {unknown}
 v - a scroll of enchant armour {unknown}
Potions
 e - a potion of heal wounds {unknown}
 o - a potion of curing {unknown}
 r - 3 potions of ambrosia {unknown}


   Skills:
 - Level 3.6 Fighting
 - Level 3.2 Maces & Flails
 - Level 1.5 Armour
 - Level 1.6 Dodging
 + Level 1.0 Spellcasting
 - Level 2.6 Fire Magic
 + Level 0.2 Air Magic
 + Level 0.2 Poison Magic


You had 3 spell levels left.
You knew the following spells:

 Your Spells              Type           Power      Damage    Failure   Level
a - Poisonous Vapours     Pois/Air       2%         N/A       54%         2

Your spell library contained the following spells:

 Spells                   Type           Power      Damage    Failure   Level
 Scorch                   Fire           16%        2d5       24%         2
 Corpse Rot               Necr/Air       2%         N/A       56%         2


Dungeon Overview and Level Annotations

Branches:
Dungeon (3/15)

Altars:

Annotations:
D:2 Terence


Innate Abilities, Weirdness & Mutations

You sometimes gain a little power by taking damage.
Spells you cast may paralyse nearby enemies.


Message History

The river rat bites you.
You closely miss the river rat.
The river rat is lightly wounded.
The river rat bites you.
You closely miss the river rat.
The river rat is lightly wounded.
The river rat bites you but does no damage.
You hit the river rat but do no damage.
The river rat is lightly wounded.
The river rat closely misses you.
You barely miss the river rat.
The river rat is lightly wounded.
The river rat bites you.
You barely miss the river rat.
The river rat is lightly wounded.
The river rat barely misses you.
You closely miss the river rat.
The river rat is lightly wounded.
The river rat bites you.
You hit the river rat.
The river rat is heavily wounded.
The river rat bites you but does no damage.
You hit the river rat.
The river rat is severely wounded.
The river rat barely misses you.
You hit the river rat.
The river rat is almost dead.
The river rat closely misses you.
You closely miss the river rat.
The river rat is almost dead.
The river rat bites you.
You hit the river rat.
You kill the river rat!
You barely miss the river rat. The river rat bites you.
You hit the river rat but do no damage. The river rat bites you.
* * * LOW HITPOINT WARNING * * *
You barely miss the river rat.
The river rat twitches its whiskers.
The river rat bites you!
You die...

#####.....###.###..#
#................#.#
#.####.......###.#.#
#.......###.#.#
#......†......#
#.......###...#
#.......# ##..#
#.......#######
#...)....@r...#
#############.≈≈≈≈
≈#≈


You could see a river rat.

Vanquished Creatures
  A gnoll (D:1)
  3 adders (D:2)
  A river rat (D:3)
  A worm (D:3)
  A dart slug (D:1)
  4 ball pythons
  4 bats
  2 endoplasms (D:2)
  2 giant cockroaches
  3 goblins
  5 hobgoblins
  2 quokkas (D:2)
  3 frilled lizards
  4 kobolds
  4 rats
40 creatures vanquished.

Notes
Turn   | Place    | Note
-------+----------+-------------------------------------------
     0 | D:1      | belegose the Demonspawn Cinder Acolyte began the quest for
                  | the Orb.
     0 | D:1      | Reached XP level 1. HP: 18/18 MP: 2/2
    56 | D:1      | Gained mutation: Spells you cast may paralyse adjacent
                  | enemies. [demonic ancestry]
    56 | D:1      | Reached XP level 2. HP: 9/24 MP: 3/3
   472 | D:1      | Reached skill level 1 in Dodging
   474 | D:1      | Reached skill level 1 in Armour
   681 | D:1      | Gained mutation: You sometimes gain a little power by
                  | taking damage. [demonic ancestry]
   681 | D:1      | Reached XP level 3. HP: 25/29 MP: 4/4
   688 | D:1      | You fall into a shaft and drop 1 floor!
  1347 | D:2      | Noticed Terence
  1866 | D:2      | Gained mutation: Spells you cast may paralyse nearby
                  | enemies. [demonic ancestry]
  1866 | D:2      | Reached XP level 4. HP: 19/35 MP: 5/5
  2525 | D:3      | Learned a level 2 spell: Poisonous Vapours
  2558 | D:3      | Slain by a river rat

Illustrated notes

Levels and vault maps discovered:
D:1:      grunt_arrival_crossed_arrows, layout_rooms
D:2:      layout_basic, uniq_terence
D:3:      layout_rooms, lightli_sewer_entry_pipes, uniq_robin

Skill      XL: |  1  2 |
---------------+-------+-----
Maces & Flails | 3 |  3.2
Dodging        | 1 |  1.6
Armour         | 1 |  1.5
Fighting       | |  3.6
Spellcasting   | |  1.0
Fire Magic     | |  2.6
Air Magic      | |  0.2
Poison Magic   | |  0.2

Action                   |  1- 3 |  4- 6 || total
-------------------------+-------+-------++-------
Melee: Mace              |     8 |       ||     8
       Dagger            |    95 |    39 ||   134
       Punch             |       |     1 ||     1
Invok: Fiery Armour      |     1 |       ||     1
Armor: Robe              |     6 |       ||     6
       Ring mail         |    58 |     4 ||    62
Dodge: Dodged            |    77 |    15 ||    92

Table legend: (Time is in decaauts)
 A = Elapsed time spent in this place.
 B = Non-inter-level travel time spent in this place.
 C = Inter-level travel time spent in this place.
 D = Time resting spent in this place.
 E = Time spent auto-exploring this place.
 F = Levels seen in this place.
 G = Mean time per level.
                   A        B        C        D        E       F      G
               +--------+--------+--------+--------+--------+-----+--------+
         Total |   2560 |   2431 |    129 |    335 |   1538 |   3 |  853.3 |
       Dungeon |   2560 |   2431 |    129 |    335 |   1538 |   3 |  853.3 |
               +--------+--------+--------+--------+--------+-----+--------+

Top non-repeatable levels by time:
     D:2: 1239 daAuts
     D:1: 1088 daAuts
     D:3: 232 daAuts
